 Dungeon Crawl Stone Soup version 0.16.1-11-g651b585 (webtiles) character file.

4269 abixa the Carver (level 10, -6/76 HPs)
             Began as a Human Warper on Mar 30, 2015.
             Was a Believer of Okawaru.
             Mangled by an orc warrior
             ... wielding a +0 war axe
              (24 damage)
             ... in a bailey.
             The game lasted 01:07:21 (11414 turns).

abixa the Carver (Human Warper)                    Turns: 11414, Time: 01:07:21

Health: -6/76      AC:  7    Str: 12    XL:     10   Next: 56%
Magic:  16/16      EV: 14    Int: 19    God:    Okawaru [**....]
Gold:   331        SH:  0    Dex: 16    Spells: 5 memorised, 1 level left

rFire  + . .     SeeInvis +     a - +2 great sword
rCold  . . .     Clarity  .     Q - +3 leather armour {rF+}
rNeg   . . .     SustAb   .     (no shield)
rPois  .         Gourm    .     I - +0 helmet
rElec  .         Spirit   .     (no cloak)
rCorr  .         Warding  .     (no gloves)
rMut   .         Stasis   .     (no boots)
MR     .....                    (no amulet)
Stlth  +.........               B - ring of see invisible
                                D - +6 ring of intelligence

@: not resistant to hostile enchantments, very unstealthy
A: no striking features
a: Heroism, Renounce Religion


You were in a bailey.
You worshipped Okawaru.
Okawaru was pleased with you.
You were hungry.

You visited 2 branches of the dungeon, and saw 8 of its levels.
You also visited: Bailey.

You collected 331 gold pieces.

Inventory:

Hand weapons
 a - a +2 great sword (weapon)
 b - a +0 blowgun
 u - a +0 dagger of venom
 H - a +2 dagger of electrocution
 K - a +2 dagger of draining
Missiles
 e - 5 tomahawks of dispersal
 g - 212 stones
 l - 7 poisoned needles
 q - 19 arrows
 v - 6 javelins
 w - 32 tomahawks of returning (quivered)
 y - 15 sling bullets
Armour
 I - a +0 helmet (worn)
 Q - a +3 leather armour of fire resistance (worn)
 T - a +1 scale mail of magic resistance
Jewellery
 i - an uncursed ring of ice
 B - a ring of see invisible (right hand)
 C - an uncursed ring of flight
 D - a +6 ring of intelligence (left hand)
 N - an uncursed ring of protection from magic
 S - an uncursed ring of fire
Magical devices
 s - a wand of disintegration (10)
 t - a wand of frost (23)
 F - a wand of flame (1)
 G - a wand of teleportation (1)
 P - a wand of slowing (35)
Scrolls
 d - 2 scrolls of blinking
 n - 2 scrolls of enchant weapon
 r - a scroll of teleportation
 E - 2 scrolls of fear
Potions
 h - 3 potions of brilliance
 p - a potion of resistance {unknown}
 x - 3 potions of might
 z - 2 potions of ambrosia
 A - a potion of haste
 J - a potion of curing
 L - a potion of degeneration {unknown}
 M - a potion of flight
 R - a potion of agility {unknown}
Books
 c - a book of Spatial Translocations

   Spells                             Type                      Level
   a - Apportation                    Translocation                1
   b - Blink                          Translocation                2
   c - Shroud of Golubria             Charms/Translocation         2
   d - Portal Projectile              Translocation                3
   e - Teleport Other                 Translocation                3
   f - Passage of Golubria            Translocation                4
Comestibles
 f - 6 bread rations
 j - 5 fruits
 k - 2 meat rations
 m - a royal jelly
 o - 2 beef jerkies


   Skills:
 - Level 6.0 Fighting
 + Level 11.4 Long Blades
 - Level 1.0 Throwing
 - Level 4.0 Armour
 - Level 4.0 Dodging
 - Level 2.0 Spellcasting
 - Level 5.5 Translocations
 - Level 1.0 Invocations


You had one spell level left.
You knew the following spells:

 Your Spells              Type           Power        Failure   Level  Hunger
a - Apportation           Tloc           ###.......   1%          1    #......
b - Blink                 Tloc           N/A          3%          2    ###....
c - Shroud of Golubria    Chrm/Tloc      ##........   12%         2    ###....
d - Teleport Other        Tloc           ###.....     8%          3    ###....
e - Passage of Golubria   Tloc           N/A          21%         4    #####..


Dungeon Overview and Level Annotations

Branches:
Dungeon (7/15)             Temple (1/1) D:6

Altars:
Ashenzari
Cheibriados
Dithmenos
Elyvilon
Fedhas
Gozag
Kikubaaqudgha
Makhleb
Nemelex Xobeh
Okawaru
Qazlal
Ru
Sif Muna
Trog
Vehumet
Xom
Yredelemnul
Zin
The Shining One

Shops:
D:4 }   D:6 %

Annotations:
D:3 Krapule's ghost, average GrFi
D:5 exclusion: upstairs


Message History

The orc warrior barely misses you.
You hit the orc warrior.
The orc warrior is lightly wounded.
The orc warrior completely misses you.
You slash the orc warrior!
The orc warrior is moderately wounded.
The orc warrior hits you with a war axe.
You hit the orc warrior.
The orc warrior is heavily wounded.
The orc warrior completely misses you.
You slash the orc warrior!
The orc warrior is severely wounded.
You barely miss the orc warrior.
The orc warrior is severely wounded.
The orc warrior hits you with a war axe!
* * * LOW HITPOINT WARNING * * *
You hit the orc warrior but do no damage.
The orc warrior is severely wounded.
The orc warrior hits you with a war axe!!
You die...

K###.. ...
....###(≈≈≈≈≈≈≈≈≈≈ #..
#'####..' #).†≈≈≈≈≈≈≈≈≈
#..###....#≈≈≈≈##
#..#}#(..## #### ..#
####'#..##
......#########....)..#
(((..o(K(K)..(.......##
##########(###########
#.##o@.##...##
##.(##)(..#[∩#
#############


You could see an orc warrior.

Vanquished Creatures
  Pikel (D:4)
  An orc knight (Bailey)
  The ghost of Krapule the Ducker, an experienced TrTm (D:4)
  Grinder (D:4)
  Eustachio (D:5)
  Edmund (D:5)
  5 orc warriors
  3 ogres
  A necrophage (D:6)
  An ice beast (D:5)
  A black bear (D:4)
  3 slaves (D:4)
  Sigmund (D:2)
  Duvessa (D:5)
  3 giant frogs
  A gnoll sergeant (D:6)
  A scorpion (D:7)
  Dowan (D:5)
  3 wights (D:6)
  3 hounds
  2 giant frog zombies
  A centaur skeleton (D:6)
  5 orc priests
  6 orc wizards
  Natasha (thrice) (D:3)
  An iguana (D:5)
  4 worker ants
  Ijyb (D:5)
  Jessica (D:2)
  Robin (D:3)
  4 adders (D:2)
  2 giant mites
  A shadow imp (D:5)
  6 worms
  3 giant geckos (D:2)
  2 oozes
  40 orcs
  11 bats
  2 bat skeletons (D:4)
  10 giant cockroaches
  22 goblins
  16 hobgoblins
  21 kobolds
  3 quokkas
  A ball python (D:1)
  3 giant newts
  13 jackals
  11 rats
230 creatures vanquished.

Vanquished Creatures (others)
  A phantom (D:4)
  A scorpion (D:4)
  A giant cockroach (D:4)
  A goblin (D:4)
  A kobold (D:4)
5 creatures vanquished.

Grand Total: 235 creatures vanquished

Notes
Turn   | Place    | Note
--------------------------------------------------------------
     0 | D:1      | abixa, the Human Warper, began the quest for the Orb.
     0 | D:1      | Reached XP level 1. HP: 16/16 MP: 3/3
    79 | D:1      | Found a glowing golden altar of the Shining One.
   151 | D:1      | Reached XP level 2. HP: 20/22 MP: 4/4
   534 | D:1      | Reached XP level 3. HP: 27/27 MP: 6/6
   714 | D:1      | Learned a level 2 spell: Blink
  1166 | D:2      | Reached skill level 4 in Long Blades
  1166 | D:2      | Reached XP level 4. HP: 20/33 MP: 7/7
  1444 | D:2      | Noticed Sigmund
  1777 | D:3      | Noticed Krapule's ghost (average GrFi)
  1839 | D:3      | Noticed Natasha
  1849 | D:3      | Killed Natasha
  1849 | D:3      | Reached XP level 5. HP: 29/38 MP: 9/9
  2220 | D:2      | Reached skill level 5 in Long Blades
  2460 | D:2      | Noticed Jessica
  2472 | D:2      | Killed Jessica
  2964 | D:2      | Killed Sigmund
  2964 | D:2      | Reached skill level 6 in Long Blades
  2964 | D:2      | Reached XP level 6. HP: 20/44 MP: 10/10
  3475 | D:3      | Found a glowing silver altar of Zin.
  3581 | D:3      | Noticed Natasha
  3584 | D:3      | Killed Natasha
  3728 | D:3      | Noticed Natasha
  3729 | D:3      | Killed Natasha
  3781 | D:3      | Noticed Robin
  3799 | D:3      | Killed Robin
  3939 | D:3      | Found a radiant altar of Vehumet.
  4303 | D:3      | Reached XP level 7. HP: 47/50 MP: 12/12
  4966 | D:4      | Found an iron altar of Okawaru.
  4969 | D:4      | Noticed Krapule's ghost (experienced TrTm)
  4971 | D:4      | Found a shadowy altar of Dithmenos.
  4972 | D:4      | Found a burning altar of Makhleb.
  5518 | D:4      | Reached XP level 8. HP: 52/59 MP: 13/13
  5766 | D:4      | Noticed Pikel
  5788 | D:4      | Killed Pikel
  5788 | D:4      | Reached skill level 7 in Long Blades
  5788 | D:4      | Reached skill level 5 in Translocations
  5956 | D:4      | Found Klaoq's Gadget Emporium.
  6005 | D:5      | Entered Level 5 of the Dungeon
  6028 | D:4      | Noticed Grinder
  6046 | D:4      | Killed Grinder
  6046 | D:4      | Reached XP level 9. HP: 52/67 MP: 14/14
  6483 | D:5      | Noticed Duvessa
  6504 | D:5      | Killed Duvessa
  6510 | D:5      | Noticed Dowan
  6534 | D:5      | Killed Dowan
  6534 | D:5      | Reached skill level 5 in Fighting
  6698 | D:4      | Became a worshipper of Warmaster Okawaru
  6856 | D:5      | Noticed Edmund
  6893 | D:5      | Killed Edmund
  7020 | D:5      | Noticed Ijyb
  7042 | D:5      | Killed Ijyb
  7178 | D:5      | Noticed Eustachio
  7195 | D:5      | Killed Eustachio
  7195 | D:5      | Reached skill level 8 in Long Blades
  7217 | D:5      | Learned a level 2 spell: Shroud of Golubria
  7221 | D:5      | Learned a level 3 spell: Teleport Other
  7226 | D:5      | Learned a level 4 spell: Passage of Golubria
  7443 | D:5      | Found a deep blue altar of Sif Muna.
  7448 | D:5      | Found a snail-covered altar of Cheibriados.
  7451 | D:5      | Found a sacrificial altar of Ru.
  7545 | D:4      | Killed Krapule's ghost
  7545 | D:4      | Acquired Okawaru's first power
  7930 | D:4      | Found a bloodstained altar of Trog.
  8274 | D:6      | Found a staircase to the Ecumenical Temple.
  8301 | Temple   | Entered the Ecumenical Temple
  8400 | D:6      | Reached skill level 9 in Long Blades
  8416 | D:6      | Found a white marble altar of Elyvilon.
  8470 | D:6      | Found a basalt altar of Yredelemnul.
  8862 | D:6      | Reached XP level 10. HP: 72/76 MP: 16/16
  8954 | D:6      | Reached skill level 1 in Invocations
  8994 | D:6      | Found Yfeudgh's Food Shop.
  9485 | D:6      | Reached skill level 10 in Long Blades
 10594 | D:7      | Found a flagged portal.
 10600 | Bailey   | Entered a bailey
 10693 | Bailey   | Noticed an orc knight
 10696 | Bailey   | Noticed an orc knight
 11376 | Bailey   | Reached skill level 11 in Long Blades
 11402 | Bailey   | Killed an orc knight
 11414 | Bailey   | Mangled by an orc warrior

Action                   |  1- 3 |  4- 6 |  7- 9 | 10-12 || total
-------------------------+-------+-------+-------+-------++-------
Melee: Falchion          |   130 |   209 |    20 |       ||   359
       Dagger            |       |    14 |   171 |    56 ||   241
       Spear             |       |     4 |   109 |       ||   113
       Great sword       |       |       |       |    65 ||    65
 Fire: Blowgun           |       |    13 |    57 |    50 ||   120
Throw: Stone             |    17 |   126 |    29 |    19 ||   191
       Javelin           |     3 |     9 |     7 |     6 ||    25
       Tomahawk          |       |       |     7 |    27 ||    34
 Cast: Blink             |     1 |     7 |    10 |     6 ||    24
Evoke: Wand              |       |     3 |    12 |       ||    15
  Use: Scroll            |       |     2 |       |     6 ||     8
       Potion            |       |       |       |     2 ||     2
 Stab: Distracted        |       |       |     1 |       ||     1
  Eat: Chunk             |       |    11 |    15 |     6 ||    32
       Fruit             |       |       |       |     3 ||     3
